 Dungeon Crawl Stone Soup version 0.24.1-14-gf8d2b509d9 (webtiles) character file.

Game seed: 12158427058202669129, levelgen mode: deterministic

65 Peloso the Shield-Bearer (level 4, 0/37 HPs)
             Began as a Formicid Fighter on May 17, 2020.
             Slain by a gnoll
             ... wielding a +0 spear
              (2 damage)
             ... on level 2 of the Dungeon.
             The game lasted 00:02:16 (612 turns).

Peloso the Shield-Bearer (Formicid Fighter)          Turns: 612, Time: 00:02:16

Health: 0/37       AC:  7    Str: 21    XL:     4   Next: 35%
Magic:  4/4        EV:  8    Int:  7    God:
Gold:   96         SH:  9    Dex: 11    Spells: 3/3 levels left

rFire    . . .     SeeInvis +   a - +0 long sword
rCold    . . .     Gourm    .   c - +0 shield
rNeg     . . .     Faith    .   b - +0 scale mail
rPois    .         Spirit   .   (helmet unavailable)
rElec    .         Reflect  .   (no cloak)
rCorr    .         Harm     .   (no gloves)
MR       .....                  (no boots)
Stlth    ..........             (no amulet)
HPRegen  0.12/turn              (no ring)
MPRegen  0.09/turn              (no ring)

@: no status effects
A: permanent stasis, dig shafts and tunnels, four strong arms, antennae 3
a: Dig, Shaft Self


You were on level 2 of the Dungeon.
You were not hungry.

You visited 1 branch of the dungeon, and saw 2 of its levels.

You collected 96 gold pieces.

Inventory:

Hand Weapons
 a - a +0 long sword (weapon)
Armour
 b - a +0 scale mail (worn)
 c - a +0 shield (worn)
Scrolls
 e - a scroll of teleportation {unknown}
 g - 2 scrolls of identify {unknown}
 h - a scroll of immolation {unknown}
 i - a scroll of amnesia {unknown}
Potions
 d - a potion of might
Comestibles
 f - 3 rations


   Skills:
 + Level 3.6 Fighting
 + Level 2.8 Long Blades
 + Level 4.0 Armour
 + Level 4.3 Shields


You had 3 spell levels left.
You didn't know any spells.
Your spell library was empty.

Dungeon Overview and Level Annotations

Branches:
Dungeon (2/15)

Altars:


Innate Abilities, Weirdness & Mutations

You cannot be hasted, slowed, berserked, paralysed or teleported.
You can dig through walls and to a lower floor.
Your four strong arms can wield two-handed weapons with a shield.
You have a pair of large antennae on your head. (SInv)


Message History

The gnoll is almost dead.
The gnoll barely misses you. You block the gnoll's attack.
You hit the gnoll.
You kill the gnoll!
Your Armour skill increases to level 4!
The gnoll hits you but does no damage.
You hit the worm.
The worm is lightly wounded.
The worm bites you.
* * * LOW HITPOINT WARNING * * *
The gnoll hits you from afar with a +0 spear.
* * * LOW HITPOINT WARNING * * *
You slash the worm!
The worm is severely wounded.
The gnoll hits you from afar with a +0 spear.
* * * LOW HITPOINT WARNING * * *
You slash the worm!
You kill the worm!
The gnoll hits you from afar with a +0 spear.
You die...

#.#.# #..#
#.###.)..## #.#
#.#.# #..#
#.###...## #.#
#.#.####..#
#.##...## #.#
#.#..##...# #.##)#.#
##.#
#.#..##.#.###.##.#.#
#..# #
#...†............#
#.###
#.##.#.......###g###
#.... #......#####.#
#†# ##### #..#.#.#
#.###@#### #
#......# #........#
# ##.....#
#.######.# #
##.....#####.# # #
.............# #
##...>(.# ########
##...#.# { ........
##)##.######## {
########
#.##........#


You could see a gnoll.

Vanquished Creatures
  2 gnolls (D:2)
  An adder (D:2)
  A worm (D:2)
  A dart slug (D:1)
  2 leopard geckos
  4 bats
  A giant cockroach (D:2)
  3 goblins
  3 hobgoblins
  3 jackals (D:1)
  3 frilled lizards
  3 kobolds
  7 rats
34 creatures vanquished.

Vanquished Creatures (others)
  A goblin (D:1)
1 creature vanquished.

Grand Total: 35 creatures vanquished

Notes
Turn   | Place    | Note
-------+----------+-------------------------------------------
     0 | D:1      | Peloso the Formicid Fighter began the quest for the Orb.
     0 | D:1      | Reached XP level 1. HP: 18/18 MP: 1/1
    84 | D:1      | Reached XP level 2. HP: 19/24 MP: 2/2
   263 | D:1      | Reached XP level 3. HP: 18/30 MP: 3/3
   590 | D:2      | Reached XP level 4. HP: 26/37 MP: 4/4
   612 | D:2      | Slain by a gnoll

Levels and vault maps discovered:
D:1:      nicolae_arrival_memento_mori, layout_rooms, grunt_decor_arrowhead
D:2:      layout_loops_ring, nicolae_gozag_seed_capital, uniq_natasha

Skill      XL: |  1  2  3  4 |
---------------+-------------+-----
Shields        | 4 |  4.3
Armour         | 4 |  4.0
Fighting       | |  3.6
Long Blades    | |  2.8

Action                   |  1- 3 |  4- 6 || total
-------------------------+-------+-------++-------
Melee: Long sword        |   101 |     7 ||   108
 Abil: Dig               |     1 |       ||     1
  Use: Scroll            |     2 |       ||     2
       Potion            |     1 |       ||     1
Armor: Scale mail        |    50 |     3 ||    53
Dodge: Dodged            |    33 |     4 ||    37
Block: Shield            |    59 |     1 ||    60
       Rpst.: Long sword |     8 |     1 ||     9
